 Dungeon Crawl Stone Soup version 0.29-a0-823-gc37b1572da (webtiles) character file.

Game seed: 3741701600957037533

678 Shayle the Covert (level 7, 0/64 HPs)
             Began as a Naga Brigand on July 8, 2022.
             Slain by Grinder (5 damage)
             ... on level 4 of the Dungeon.
             The game lasted 00:13:58 (3842 turns).

Shayle the Covert (Naga Brigand)                    Turns: 3842, Time: 00:13:58

Health: 0/64       AC:  9    Str: 12 (13) XL:     7   Next: 60%
Magic:  1/11       EV:  8    Int: 18 (20) God:
Gold:   235        SH:  5    Dex:  9 (12) Spells: 10/12 levels left

rFire   . . .      SeeInvis +   j - +2 scythe (vorpal)
rCold   . . .      Faith    .   (shield currently unavailable)
rNeg    . . .      Spirit   .   h - +0 ring mail
rPois   +          Reflect  +   (no helmet)
rElec   .          Harm     .   c - +0 cloak
rCorr   .          Rampage  .   (no gloves)
Will    .....                   (no barding)
Stlth   +++.......              f - amulet of reflection
HPRegen 0.20/turn               t - +4 ring of protection
MPRegen 0.12/turn               r - +6 ring of intelligence

@: lethally poisoned (0 -> -4), very slow
A: AC +2, large, see invisible, deformed body, poison resistance, slowness 2,
spit poison 1, naga tail 1
a: Spit Poison


You were on level 4 of the Dungeon.
You visited 1 branch of the dungeon, and saw 5 of its levels.

You collected 235 gold pieces.

Inventory:

Hand Weapons
 a - a +2 dagger
 j - a +2 vorpal scythe (weapon)
 m - a +1 flail of protection
Missiles
 d - 11 poisoned darts (quivered)
 e - 2 curare-tipped darts
Armour
 b - a +0 robe
 c - a +0 cloak (worn)
 h - a +0 ring mail (worn)
Jewellery
 f - an amulet of reflection (around neck)
 l - an amulet of guardian spirit
 r - a +6 ring of intelligence (right hand)
 t - a +4 ring of protection (left hand)
Scrolls
 g - 3 scrolls of enchant weapon
 i - 3 scrolls of amnesia
 k - a scroll of identify
 o - 2 scrolls of poison
Potions
 n - a potion of degeneration
 q - 2 potions of attraction


   Skills:
 + Level 4.2 Fighting
 - Level 2.0 Short Blades
 - Level 1.7 Throwing
 - Level 0.7 Dodging
 + Level 8.3 Stealth
 + Level 3.1 Spellcasting
 + Level 3.0 Conjurations
 + Level 3.0 Air Magic


You had 10 spell levels left.
You knew the following spells:

 Your Spells              Type           Power      Damage    Failure   Level
a - Static Discharge      Conj/Air       13%        3-5/arc   16%         2

Your spell library contained the following spells:

 Spells                   Type           Power      Damage    Failure   Level
 Lightning Bolt           Conj/Air       6%         1d18      96%         5
 Maxwell's Capacitive Co  Air            6%         ∞         100%        8


Dungeon Overview and Level Annotations

Branches:
Dungeon (5/15)
 Temple: D:4-7

Altars:
Hepliaklqana
Okawaru
Wu Jian
Xom
Yredelemnul

Annotations:
D:4 Eustachio, Grinder, Ijyb
D:5 Menkaure


Innate Abilities, Weirdness & Mutations

Your serpentine skin is tough. (AC +2)
You have supernaturally acute eyesight. (SInv)
Armour fits poorly on your strangely shaped body.
Your system is resistant to poisons. (rPois)
You cover ground very slowly.
You can spit poison.
You have a snake-like lower body.


Message History

Grinder hits you.
* * * LOW HITPOINT WARNING * * *
You writhe in agony.
* * * LOW HITPOINT WARNING * * *
Eustachio casts a spell.
Eustachio blinks!
The scorpion stings you but does no damage.
Unknown command.
Casting: Static Discharge (safe; 19% risk of failure)
Confirm with . or Enter, or press ? or * to list all spells.
The scorpion is struck by an arc of lightning.
You kill the scorpion!
You are struck by an arc of lightning.
* * * LOW HITPOINT WARNING * * *
Grinder is struck by an arc of lightning.
Grinder is almost dead.
The lightning grounds out.
You feel sick. Grinder barely misses you.
Eustachio asks, "How can you live without manners, virtues and honour?"
You feel your strength returning.
Your Conjurations skill increases to level 3!
Your Air Magic skill increases to level 3!
Casting: Static Discharge (safe; 16% risk of failure)
Confirm with . or Enter, or press ? or * to list all spells.
Grinder is struck by an arc of lightning.
Grinder is almost dead.
You are struck by an arc of lightning.
* * * LOW HITPOINT WARNING * * *
The lightning grounds out.
* * * LOW HITPOINT WARNING * * *
You feel sick. Grinder hits you but does no damage.
The quasit bites you but does no damage.
The quasit claws you but does no damage. x2
Casting: Static Discharge (safe; 16% risk of failure)
Confirm with . or Enter, or press ? or * to list all spells.
You don't have enough magic to cast this spell.
You closely miss Grinder.
Grinder is almost dead.
* * * LOW HITPOINT WARNING * * *
You feel sick. Grinder hits you.
You die...

###### #.###..### ..(..#
#.#§.§...# #(.###5#.#..#)#
# #........#..#)##.#
#(####...........# ♣♣ #§
########.#########♣♣≈P 55
####### #(........PP≈≈P ###
#.....###.####.#....≈..
#....†K.#.@.# .......
#.....#.#5#5# .@.5...
##.....#.#.#)##♣♣≈≈P.≈[≈
#.≈≈P♣.#......♣≈≈≈≈≈≈≈≈≈
#.≈P≈≈##@.##.♣≈§≈≈≈≈P≈≈≈
#.##.≈≈♣.##..##.#♣≈≈P≈≈≈≈≈≈
#..........>.#..##≈♣♣≈≈≈≈≈≈
#..#####.###.#.###.# ♣♣≈≈≈P
#..#####.###.#.###.# #≈≈≈


You could see Eustachio, Grinder and a quasit (summoned).

Vanquished Creatures
  Sigmund (D:2)
  A phantom (D:5)
  A scorpion (D:4)
  4 orc priests (D:4)
  A hound (D:5)
  An iguana (D:5)
  6 gnolls
  6 adders
  A shadow imp (D:5)
  A white imp (D:3)
  A worm (D:1)
  A dart slug (D:2)
  5 orcs
  6 ball pythons
  2 endoplasms
  2 giant cockroaches
  6 goblins
  9 hobgoblins
  7 jackals
  2 quokkas (D:4)
  4 bats
  2 frilled lizards (D:1)
  5 kobolds
  9 rats
84 creatures vanquished.

Vanquished Creatures (others)
  14 fungi (D:5)
  40 plants
54 creatures vanquished.

Grand Total: 138 creatures vanquished

Notes
Turn   | Place    | Note
-------+----------+-------------------------------------------
     0 | D:1      | Shayle the Naga Brigand began the quest for the Orb.
     0 | D:1      | Reached XP level 1. HP: 19/19 MP: 1/1
   139 | D:1      | Reached skill level 6 in Stealth
   147 | D:1      | Reached XP level 2. HP: 16/26 MP: 1/3
   312 | D:1      | Found a faded altar of an unknown god.
   338 | D:1      | Reached skill level 1 in Spellcasting
   441 | D:1      | Reached XP level 3. HP: 29/33 MP: 4/4
   770 | D:2      | Learned a level 2 spell: Static Discharge
   992 | D:2      | Noticed Sigmund
  1008 | D:2      | Killed Sigmund
  1009 | D:2      | Reached skill level 7 in Stealth
  1009 | D:2      | Reached skill level 1 in Conjurations
  1009 | D:2      | Reached skill level 1 in Air Magic
  1009 | D:2      | Reached XP level 4. HP: 18/42 MP: 2/7
  1009 | D:2      | Reached XP level 5. HP: 21/49 MP: 2/8
  1607 | D:2      | Reached XP level 6. HP: 56/56 MP: 9/9
  2521 | D:3      | Found an ornate altar of the Wu Jian Council.
  2853 | D:4      | Noticed Eustachio
  2855 | D:4      | Noticed Grinder
  2857 | D:4      | Paralysed by Grinder for 3 turns
  2885 | D:5      | Entered Level 5 of the Dungeon
  2915 | D:5      | Reached XP level 7. HP: 39/63 MP: 11/11
  3082 | D:5      | Found an iron altar of Okawaru.
  3087 | D:5      | Found a basalt altar of Yredelemnul.
  3157 | D:5      | Reached skill level 8 in Stealth
  3404 | D:5      | Noticed Menkaure
  3524 | D:5      | Noticed a steam dragon
  3534 | D:4      | Noticed Ijyb
  3761 | D:4      | Found a shimmering altar of Xom.
  3762 | D:4      | Found a hazy altar of Hepliaklqana.
  3763 | D:4      | Noticed a spectral ugly thing
  3826 | D:4      | Paralysed by Grinder for 3 turns
  3842 | D:4      | Slain by Grinder

Illustrated notes

Levels and vault maps discovered:
D:1:      enne_arrival_octagon_isle, layout_basic,
          shapermc_ecumenical_altar_starsandcircs, nicolae_wormholes
D:2:      layout_loops_cross, minmay_misc_feat_diagonals,
          hangedman_decor_opposing, kennysheep_pointless_box,
          patterned_corridor, uniq_sigmund
D:3:      layout_loops_ring, pdpol_wu_jian_five_deadly_venoms
D:4:      layout_loops_cross, regret_index_temple_of_mockery,
          mainiacjoe_overflow_six_doors_small, amethyst_overflow_temple_binary,
          minmay_temple_entry_slanted, serial_bayou, serial_bayou_pond_e,
          serial_bayou_pond_c, serial_bayou_ford_a, serial_bayou_lagoon_a,
          serial_bayou_lake_a, uniq_ijyb, uniq_grinder, uniq_robin,
          uniq_eustachio
D:5:      kennysheep_steamy, layout_basic,
          chequers_temple_overflow_statue_of_worship, serial_bayou_pond_b,
          uniq_menkaure

Skill      XL: |  1  2  3  4  5  6  7 |
---------------+----------------------+-----
Stealth        | 6 7 8 |  8.3
Spellcasting   | 1 2 3 |  3.1
Fighting       | 3 4 |  4.2
Conjurations   | 1 2 3 |  3.0
Air Magic      | 1 2 3 |  3.0
Short Blades   | |  2.0
Throwing       | |  1.7
Dodging        | |  0.7

Action                   |  1- 3 |  4- 6 |  7- 9 || total
-------------------------+-------+-------+-------++-------
Melee: Dagger            |    56 |       |       ||    56
       Halberd           |       |    75 |    68 ||   143
Throw: Dart              |    12 |    12 |       ||    24
 Cast: Static Discharge  |       |       |     5 ||     5
 Abil: Spit Poison       |    15 |    16 |     2 ||    33
  Use: Potion            |     1 |     1 |     3 ||     5
       Scroll            |       |     8 |     1 ||     9
 Stab: Sleeping          |     5 |     4 |     1 ||    10
Armor: Ring mail         |     9 |    39 |    81 ||   129
       Robe              |     2 |       |       ||     2
Dodge: Dodged            |    18 |    50 |    68 ||   136
Block: Other             |    11 |    12 |    28 ||    51

Table legend: (Time is in decaauts)
 A = Elapsed time spent in this place.
 B = Non-inter-level travel time spent in this place.
 C = Inter-level travel time spent in this place.
 D = Time resting spent in this place.
 E = Time spent auto-exploring this place.
 F = Levels seen in this place.
 G = Mean time per level.
                   A        B        C        D        E       F      G
               +--------+--------+--------+--------+--------+-----+--------+
         Total |   4823 |   4688 |    135 |    473 |   2940 |   5 |  964.6 |
       Dungeon |   4823 |   4688 |    135 |    473 |   2940 |   5 |  964.6 |
               +--------+--------+--------+--------+--------+-----+--------+

Top non-repeatable levels by time:
     D:2: 1247 daAuts
     D:3: 1225 daAuts
     D:1: 868 daAuts
     D:5: 802 daAuts
     D:4: 680 daAuts
